 Dungeon Crawl Stone Soup version 0.25-a0-308-geac79542e2 (webtiles) character file.

Game seed: 6482190330334385563, levelgen mode: deterministic

8991 MisterFreud the Slicer (level 11, -7/77 HPs)
             Began as a Human Wanderer on Dec 21, 2019.
             Was an Elder of Zin.
             Mangled by a yak (12 damage)
             ... on level 10 of the Dungeon.
             The game lasted 00:41:41 (14207 turns).

MisterFreud the Slicer (Human Wanderer)            Turns: 14207, Time: 00:41:41

Health: -7/77      AC: 12    Str: 16    XL:     11   Next: 66%
Magic:  15/17      EV:  6    Int: 17    God:    Zin [****..]
Gold:   410        SH:  5    Dex: 17    Spells: 15/16 levels left

rFire    . . .     SeeInvis .   n - +3 short sword (elec)
rCold    . . .     Gourm    .   x - +0 buckler
rNeg     . . .     Faith    .   l - +0 chain mail
rPois    ∞         Spirit   .   (no helmet)
rElec    .         Reflect  .   C - +0 cloak
rCorr    .         Harm     .   (no gloves)
MR       +....                  B - +0 pair of boots
Stlth    ..........             J - amulet of rage
HPRegen  0.22/turn              F - ring of protection from magic
MPRegen  0.15/turn              y - +2 ring of protection (curse)

@: lethally poisoned (-7 -> -7), vitalised, about to teleport
A: no striking features
a: Recite, Vitalisation, Imprison, Donate Gold, Renounce Religion, Evoke Berserk
Rage


You were on level 10 of the Dungeon.
You worshipped Zin.
Zin was greatly pleased with you.
You were not hungry.

You visited 1 branch of the dungeon, and saw 11 of its levels.

You collected 455 gold pieces.
You donated 45 gold pieces to Zin.

Inventory:

Hand Weapons
 m - a +0 hunting sling
 n - a +3 short sword of electrocution (weapon)
 H - a +0 rapier
Missiles
 b - 130 arrows
 e - 232 stones (quivered)
 j - 19 bolts
 p - 4 atropa-tipped darts
 q - 13 poisoned darts
 s - 2 boomerangs
 G - 49 sling bullets
Armour
 a - a +0 robe
 d - a +0 robe
 l - a +0 chain mail (worn)
 x - a +0 buckler (worn)
 B - a +0 pair of boots (worn)
 C - a +0 cloak (worn)
Jewellery
 r - an uncursed ring of stealth
 y - a cursed +2 ring of protection (right hand)
 F - a ring of protection from magic (left hand)
 J - an amulet of rage (around neck)
Wands
 D - a wand of acid (3)
 I - a wand of iceblast (4)
 K - a wand of disintegration (10)
Scrolls
 c - 2 scrolls of teleportation
 i - 3 scrolls of magic mapping
 k - 2 scrolls of identify
 o - 7 scrolls of remove curse
 v - 2 scrolls of immolation
Potions
 g - a potion of flight
 h - a potion of mutation
 t - 2 potions of resistance
 u - a potion of berserk rage
 z - a potion of magic
 A - a potion of degeneration
Comestibles
 f - 8 rations


   Skills:
 - Level 4.1 Fighting
 + Level 11.4 Short Blades
 - Level 1.0 Throwing
 - Level 5.2 Stealth
 - Level 4.1 Shields
 - Level 3.0 Spellcasting
 - Level 3.1 Conjurations
   Level 1.0 Necromancy
   Level 1.0 Translocations
   Level 2.0 Transmutations
 - Level 3.0 Fire Magic
 + Level 8.5 Invocations
 - Level 5.0 Evocations


You had 15 spell levels left.
You knew the following spells:

 Your Spells              Type           Power        Failure   Level  Hunger
a - Foxfire               Conj/Fire      ##..         71%         1    None

Your spell library contained the following spells:

 Spells                   Type           Power        Failure   Level  Hunger
 Pain                     Necr           #...         94%         1    None
 Conjure Flame            Conj/Fire      ##......     97%         3    ###....
 Confusing Touch          Hex            #.....       98%         1    None
 Summon Butterflies       Summ           #.......     98%         1    None
 Inner Flame              Hex/Fire       #.......     99%         3    ###....
 Call Canine Familiar     Summ           #.......     100%        3    ###....
 Confuse                  Hex            #.......     100%        3    ###....
 Gell's Gravitas          Tloc           #.........   100%        3    ###....
 Vampiric Draining        Necr           #.........   100%        3    ###....
 Petrify                  Tmut/Erth      #.......     100%        4    ####...
 Sticky Flame             Conj/Fire      ##......     100%        4    ####...
 Summon Ice Beast         Ice/Summ       #.......     100%        4    ####...
 Fireball                 Conj/Fire      ##........   100%        5    ######.
 Metabolic Englaciation   Hex/Ice        #.........   100%        5    ######.
 Summon Mana Viper        Hex/Summ       #.......     100%        5    ######.
 Yara's Violent Unravell  Hex/Tmut       #.........   100%        5    ######.
 Summon Hydra             Summ           #.........   100%        7    #######


Dungeon Overview and Level Annotations

Branches:
Dungeon (11/15)            Temple (0/1) D:4             Orc (0/2) D:9
   Lair: D:8-11

Altars:
Ashenzari
Dithmenos
Kikubaaqudgha
Okawaru
Qazlal
Ru
Sif Muna
Trog
Vehumet
Wu Jian
Xom
Zin

Shops:
D:9 }

Annotations:
D:2 1 runed translucent door, Crazy Yiuf
D:6 1 runed translucent door, exclusion: door, Borgoz's ghost, novice GrGl
D:7 4 runed translucent doors
D:9 3 runed translucent doors


Message History

Unknown command.
You hit the yak. Lightning courses through the yak!
The yak is almost dead.
You hit the yak. Lightning courses through the yak!
You kill the yak!
You hit the yak but do no damage. The yak gores you!
* * * LOW HITPOINT WARNING * * *
The yak gores you! Zin protects you from harm!
Unknown command.
Unknown command.
Unknown command.
As you read the scroll labeled BINWAU OJEORIC, it crumbles to dust.
You hear a loud clanging noise!
It was a scroll of noise.
The yak snorts and paws the ground.
The yak gores you but does no damage. The yak barely misses you.
As you read the scroll of teleportation, it crumbles to dust.
You feel strangely unstable. The yak gores you!
You die...

.######.#.... #(##.....#
........#... #(##.....#
........#.. #......[.#
........#.# #........#
..#'#####.######.......#
..#............#.(####.#
..#.........§..#YY# #
..#.........§°§#YY#
..#.........§§§§@§####.#
..##########§§§#°§§§§..#
#........# #§..##§§§§..#
#........#......#§§#§..#
#........#......'○§#...#
#........#......#..# ..#
#........##.....#... .#
#####'#####.....##... .#
#............#...


You could see 4 yaks.

Vanquished Creatures
  A death knight (D:11)
  A two-headed ogre (D:10)
  An unseen horror (D:10)
  A freezing wraith (D:10)
  A queen bee (D:10)
  3 hippogriffs
  15 yaks
  A hungry ghost (D:10)
  4 black bears
  3 ice beasts
  2 orc warriors
  6 centaurs
  4 ogres
  A crocodile (D:10)
  A big kobold (D:9)
  A gnoll sergeant (D:9)
  3 bullfrogs
  16 killer bees
  2 howler monkeys (D:4)
  2 vampire bats (D:8)
  4 crimson imps
  2 jellies
  2 orc priests (D:9)
  10 orc wizards
  A bullfrog skeleton (D:8)
  2 centaur skeletons
  3 iguanas
  6 worker ants
  A hound zombie (D:7)
  4 gnolls (D:9)
  7 adders
  2 shadow imps
  An ooze (D:4)
  2 adder skeletons
  4 dart slugs
  5 worms
  4 leopard geckos
  34 orcs
  2 bat skeletons (D:8)
  3 bat zombies (D:8)
  4 giant cockroaches
  9 goblins
  4 hobgoblins
  13 jackals
  10 kobolds
  2 quokkas
  A ball python skeleton (D:4)
  6 bats
  2 frilled lizards
  A jackal zombie (D:6)
  A quokka skeleton (D:4)
  A quokka zombie (D:7)
  4 rats
226 creatures vanquished.

Vanquished Creatures (others)
  A yak (D:10)
  A hobgoblin (D:2)
  2 foxfires (D:3)
4 creatures vanquished.

Grand Total: 230 creatures vanquished

Notes
Turn   | Place    | Note
-------+----------+-------------------------------------------
     0 | D:1      | MisterFreud the Human Wanderer began the quest for the Orb.
     0 | D:1      | MisterFreud set off with the following items: a +0 dagger,
                  | a scroll of teleportation, a +0 robe, a ration; and the
                  | following spells available to memorise: Pain, Foxfire,
                  | Vampiric Draining, Conjure Flame, Inner Flame, Sticky
                  | Flame, Fireball
     0 | D:1      | Reached XP level 1. HP: 13/13 MP: 4/4
     2 | D:1      | Learned a level 1 spell: Foxfire
   228 | D:1      | Reached skill level 1 in Conjurations
   228 | D:1      | Reached XP level 2. HP: 14/19 MP: 6/6
  1471 | D:1      | Reached XP level 3. HP: 24/24 MP: 7/7
  2233 | D:2      | Found a runed translucent door.
  2234 | D:2      | Noticed Crazy Yiuf
  2276 | D:2      | Found a radiant altar of Vehumet.
  2812 | D:3      | Reached skill level 1 in Short Blades
  2812 | D:3      | Reached XP level 4. HP: 30/30 MP: 8/8
  3360 | D:3      | Found a shadowy altar of Dithmenos.
  3918 | D:4      | Reached XP level 5. HP: 28/35 MP: 9/9
  3929 | D:4      | Found a staircase to the Ecumenical Temple.
  3939 | D:4      | Reached skill level 2 in Short Blades
  4090 | D:4      | Found a shattered altar of Ashenzari.
  4090 | D:4      | Found an ornate altar of the Wu Jian Council.
  4095 | D:4      | Found a glowing silver altar of Zin.
  4097 | D:4      | Found a bloodstained altar of Trog.
  4099 | D:4      | Found a faded altar of an unknown god.
  4556 | D:4      | Reached skill level 3 in Short Blades
  4556 | D:4      | Reached XP level 6. HP: 27/41 MP: 10/10
  4901 | D:4      | Became a worshipper of Zin the Law-Giver
  4901 | D:4      | Reached * piety under Zin
  4901 | D:4      | Reached ** piety under Zin
  4951 | D:5      | Entered Level 5 of the Dungeon
  5105 | D:4      | Reached skill level 1 in Fighting
  5105 | D:4      | Reached skill level 4 in Short Blades
  5309 | D:5      | Reached XP level 7. HP: 48/48 MP: 11/11
  5671 | D:6      | Found a runed translucent door.
  5673 | D:6      | Noticed Borgoz's ghost (novice GrGl)
  5832 | D:6      | Reached skill level 5 in Short Blades
  5832 | D:6      | Reached skill level 1 in Shields
  5883 | D:6      | Reached XP level 8. HP: 39/57 MP: 12/12
  5956 | D:6      | Reached skill level 6 in Short Blades
  6150 | D:6      | Reached *** piety under Zin
  6159 | D:6      | Found a stormy altar of Qazlal.
  6250 | D:6      | Found a shimmering altar of Xom.
  6304 | D:6      | Found a shimmering blue altar of Sif Muna.
  6430 | D:7      | Reached skill level 1 in Invocations
  7012 | D:7      | Noticed a hippogriff
  7026 | D:7      | Killed a hippogriff
  7026 | D:7      | Reached XP level 9. HP: 44/65 MP: 13/13
  7260 | D:7      | Found a huge runed translucent gate.
  7261 | D:7      | Found a huge runed translucent gate.
  7261 | D:7      | Noticed a hippogriff
  7262 | D:7      | Found a huge runed translucent gate.
  7262 | D:7      | Noticed a polar bear
  7262 | D:7      | Noticed a hippogriff
  7262 | D:7      | Noticed a polar bear
  7262 | D:7      | Noticed a polar bear
  7263 | D:7      | Found a huge runed translucent gate.
  7263 | D:7      | Noticed a polar bear
  7263 | D:7      | Noticed a hippogriff
  7264 | D:7      | Noticed a polar bear
  7440 | D:8      | Found a sacrificial altar of Ru.
  7667 | D:8      | Noticed a hippogriff
  7679 | D:8      | Killed a hippogriff
  7679 | D:8      | Reached skill level 7 in Short Blades
  7679 | D:8      | Reached skill level 5 in Invocations
  7799 | D:8      | Reached **** piety under Zin
  8053 | D:8      | Found an ancient bone altar of Kikubaaqudgha.
  8488 | D:10     | Entered Level 10 of the Dungeon
  8669 | D:9      | Reached skill level 8 in Short Blades
  8700 | D:9      | Found a staircase to the Orcish Mines.
  8702 | D:9      | Noticed a troll
  9014 | D:8      | Reached XP level 10. HP: 61/71 MP: 14/14
  9078 | D:8      | Reached skill level 5 in Stealth
  9085 | D:8      | Reached skill level 9 in Short Blades
  9491 | D:9      | Found an iron altar of Okawaru.
  9548 | D:9      | Found Zyossowi's Gadget Shoppe.
  9809 | D:9      | Found a runed translucent gate.
  9809 | D:9      | Found a runed translucent gate.
  9810 | D:9      | Noticed a cyan ugly thing
  9812 | D:9      | Found a runed translucent gate.
  9812 | D:9      | Noticed a purple very ugly thing
  9815 | D:9      | Noticed a cyan ugly thing
  9815 | D:9      | Noticed a brown ugly thing
  9816 | D:9      | Noticed a cyan ugly thing
  9816 | D:9      | Noticed a cyan ugly thing
 10479 | D:10     | Reached skill level 1 in Evocations
 10661 | D:10     | Reached skill level 10 in Short Blades
 11679 | D:10     | Reached XP level 11. HP: 49/77 MP: 15/15
 12351 | D:11     | Noticed a death knight
 12351 | D:11     | Noticed a skeletal warrior
 12786 | D:10     | Noticed a two-headed ogre
 12800 | D:10     | Killed a two-headed ogre
 12928 | D:10     | Reached skill level 11 in Short Blades
 12928 | D:10     | Reached skill level 5 in Evocations
 13490 | D:11     | Killed a death knight
 13867 | D:10     | Killed an unseen horror
 14205 | D:10     | Zin protects you from harm!
 14207 | D:10     | Mangled by a yak

Levels and vault maps discovered:
D:1:      nzn_arrival_depleted_hourglass, layout_loops_ring
D:2:      layout_loops_ring, fiery_altar_vehumet, serial_forest,
          infiniplex_forest_end_3, infiniplex_forest_straight_2,
          infiniplex_forest_pool, infiniplex_forest_zigzag_1,
          infiniplex_forest_lined_room_3, uniq_crazy_yiuf_cottage
D:3:      layout_rooms, overflow_temple_1_default, serial_co_window_serial,
          co_window_corner_a, co_window_paths_b, co_window_of_opportunity_a,
          co_window_paths_b, co_window_paths_b, co_window_paths_b,
          co_window_paths_a, co_window_corner_a, co_window_of_opportunity_a,
          co_window_broadway_b, co_window_cross_3, co_window_broadway_c,
          glass_columns_c, serial_bayou_lagoon_a
D:4:      layout_loops_ring, chequers_temple_overflow_minitemple,
          minmay_temple_entry_water_ring, first_ration
D:5:      layout_basic, minmay_misc_feat_diagonals
D:6:      layout_rooms, kennysheep_little_box, grunt_qazlal_clouds,
          ebering_ghost_reflecting_pool, led_sif_book
D:7:      lemuel_bear_cage, layout_loops_corners
D:8:      layout_rooms, overflow_temple_1_default, kennysheep_vampire_church
D:9:      layout_basic, kennysheep_mini, david_orc_3,
          ploomutoo_gammafunk_ghost_potion_laboratory, serial_shops, shop
D:10:     layout_stronghold, david_nohive_1
D:11:     layout_grid_maze, due_lair_maze_entry_diamond,
          ebering_ghost_inner_flame, nicolae_elemental_shop

Skill      XL: |  1  2  3  4  5  6  7  8  9 10 11 |
---------------+----------------------------------+-----
Conjurations   | 1 2 3 |  3.1
Fire Magic     | 2 3 |  3.0
Short Blades   | 1 3 4 5 6 8 10 11 | 11.4
Fighting       | 1 2 4 |  4.1
Shields        | 2 3 4 |  4.1
Invocations    | 3 5 6 8 |  8.5
Stealth        | 4 5 |  5.2
Evocations     | 3 5 |  5.0
Throwing       | |  1.0
Spellcasting   | |  3.0
Necromancy     | |  1.0
Translocations | |  1.0
Transmutations | |  2.0

Action                   |  1- 3 |  4- 6 |  7- 9 | 10-12 || total
-------------------------+-------+-------+-------+-------++-------
Melee: Dagger            |    11 |       |       |       ||    11
       Short sword       |   118 |   131 |   248 |   414 ||   911
 Cast: Foxfire           |       |     1 |       |       ||     1
Invok: Recite            |       |       |     4 |    12 ||    16
       Vitalisation      |       |       |       |     4 ||     4
Evoke: Wand              |       |       |     1 |     6 ||     7
  Use: Potion            |       |     1 |       |     3 ||     4
       Scroll            |       |     3 |    12 |     6 ||    21
 Stab: Sleeping          |     4 |     5 |     1 |       ||    10
       Confused          |       |       |     1 |     5 ||     6
       Invisible         |       |       |       |     2 ||     2
       Paralysed         |       |       |       |     1 ||     1
  Eat: Chunk             |     6 |     8 |     6 |     7 ||    27
       Ration            |       |       |     2 |     3 ||     5
Armor: Robe              |    19 |    13 |     3 |       ||    35
       Chain mail        |       |       |   142 |   191 ||   333
Dodge: Dodged            |    59 |    61 |    39 |    77 ||   236
Block: Buckler           |       |       |    40 |    66 ||   106

Table legend:
 A = Non-vault XP
 B = Vault XP
 C = Vault XP percentage of total XP
 D = Non-vault monster count
 E = Vault monster count
 F = Vault count percentage of total count
                 A         B        C        D         E       F
            +---------+---------+-------+---------+---------+-------
      Total |   11235 |    1610 |  12.5 |     195 |      31 |  13.7
            +---------+---------+-------+---------+---------+-------
        D:1 |      32 |       0 |   0.0 |      19 |       0 |   0.0
        D:2 |      26 |       0 |   0.0 |      14 |       0 |   0.0
        D:3 |      73 |       0 |   0.0 |      22 |       0 |   0.0
        D:4 |     202 |       0 |   0.0 |      15 |       0 |   0.0
        D:5 |     301 |       0 |   0.0 |      17 |       0 |   0.0
        D:6 |     822 |       0 |   0.0 |      13 |       0 |   0.0
        D:7 |     793 |       0 |   0.0 |      18 |       0 |   0.0
        D:8 |    2131 |     120 |   5.3 |      18 |       7 |  28.0
        D:9 |     563 |     298 |  34.6 |      13 |       9 |  40.9
       D:10 |    5218 |    1192 |  18.6 |      41 |      15 |  26.8
       D:11 |    1074 |       0 |   0.0 |       5 |       0 |   0.0
            +---------+---------+-------+---------+---------+-------
